 Dungeon Crawl Stone Soup version 0.30-a0-476-g330ca2eb8e (webtiles) character file.

Game seed: 14408764042204542336

11 tilp the Covered (level 2, 0/26 HPs)
             Began as a Meteoran Fighter on Dec 21, 2022.
             Slain by an orc wizard
             ... wielding a +0 dagger
              (2 damage)
             ... on level 3 of the Dungeon.
             The game lasted 00:01:29 (337 turns).

tilp the Covered (Meteoran Fighter)                  Turns: 337, Time: 00:01:30

Health: 0/26       AC:  7    Str: 17    XL:     2   Next: 58%
Magic:  3/3        EV:  9    Int:  9    God:
Gold:   43         SH:  5    Dex: 13    Spells: 1/1 levels left

rFire   . . .      SeeInvis .    a - +0 long sword
rCold   . . .      Faith    .    c - +0 buckler
rNeg    . . .      Spirit   .    b - +0 scale mail
rPois   .          Reflect  .    (no helmet)
rElec   .          Harm     .    (no cloak)
rCorr   .          Rampage  .    (no gloves)
Will    .....                    (no boots)
Stlth   ..........               (no amulet)
HPRegen 0.24/turn                (no ring)
MPRegen 0.08/turn                (no ring)

@: glowing
A: sense surroundings 1, otherworldly, glowing, explore regen
a: no special abilities


You were on level 3 of the Dungeon.
You visited 1 branch of the dungeon, and saw 3 of its levels.

You collected 43 gold pieces.

Inventory:

Hand Weapons
 a - a +0 long sword (weapon)
Missiles
 e - 3 stones (quivered)
Armour
 b - a +0 scale mail (worn)
 c - a +0 buckler (worn)
Potions
 d - 2 potions of might
 f - a potion of curing {unknown}


   Skills:
 + Level 3.4 Fighting
 + Level 2.5 Long Blades
 + Level 3.7 Armour
 * Level 1.0 Dodging
 + Level 0.4 Stealth
 + Level 3.7 Shields


You had one spell level left.
You didn't know any spells.
Your spell library was empty.

Dungeon Overview and Level Annotations

Branches:
Dungeon (3/15) Zot: 1445

Altars:


Innate Abilities, Weirdness & Mutations

You passively map a small area around you.
You are easily found by Zot.
You glow in the dark.
You regain HP and MP as you explore.


Message History

The orc is moderately wounded.
The orc hits you with a +0 falchion.
You barely miss the orc. The orc completely misses you.
You hit the orc.
The orc is severely wounded.
You block the orc's attack.
You hit the orc.
You kill the orc!
The orc throws a boomerang.
The boomerang hits you but does no damage.
Something hits you.
Things that are here:
a +0 short sword; a +0 leather armour; an orc corpse You miss something.
Something hits you but does no damage.
You barely miss something. Something hits you but does no damage.
You closely miss something. Something hits you.
* * * LOW HITPOINT WARNING * * *
The orc throws a boomerang.
You hear some strange, mumbled words.
You are confused.
You closely miss something. Something hits you but does no damage.
You're too confused to move!
Something hits you but does no damage.
You bump into the rock wall.
Something hits you.
* * * LOW HITPOINT WARNING * * *
You slash something! Something hits you but does no damage.
You miss something.
You hear some strange, mumbled words.
A puff of flame appears from out of thin air!
The puff of flame hits you.
* * * LOW HITPOINT WARNING * * *
You hear some strange, mumbled words.
A magic dart appears from out of thin air!
The magic dart hits you but does no damage.
You barely miss something.
You feel less confused. Something hits you.
* * * LOW HITPOINT WARNING * * *
The orc throws a boomerang.
You closely miss something. Something hits you.
You die...

# ########.#
#.# #
#.)......#
#.# #
#.########
#.# # #.#
#.# # #.#
#.# ####.#
#.# .....#
#.# ######
#########.##
,
....oo{@†..#
*** **
############


You could see 2 orcs.

Vanquished Creatures
  An orc (D:3)
  An endoplasm (D:1)
  A giant cockroach (D:3)
  2 quokkas (D:1)
  A bat (D:1)
  3 kobolds
9 creatures vanquished.

Notes
Turn   | Place    | Note
-------+----------+-------------------------------------------
     0 | D:1      | tilp the Meteoran Fighter began the quest for the Orb.
     0 | D:1      | Reached XP level 1. HP: 19/19 MP: 2/2
   142 | D:1      | Reached XP level 2. HP: 26/26 MP: 3/3
   194 | D:1      | Found a faded altar of an unknown god.
   318 | D:3      | Reached skill level 1 in Dodging
   337 | D:3      | Slain by an orc wizard

Illustrated notes

Levels and vault maps discovered:
D:1:      spicycebolla_green_bress_n_ham_2, layout_loops_corners,
          hellmonk_ecumenical_altar_pennies_from_heaven
D:2:      layout_basic, basic_altar, minmay_door_square
D:3:      layout_basic, slow_altar_1, lemuel_zombie_altar_kikubaaqudgha,
          mainiacjoe_overflow_boulevard, gammafunk_ghost_necromancy, hex_medium,
          minivault_24

Skill      XL: |  1  2 |
---------------+-------+-----
Dodging        | 1 |  1.0
Fighting       | |  3.4
Long Blades    | |  2.5
Armour         | |  3.7
Stealth        | |  0.4
Shields        | |  3.7

Action                   || total
-------------------------++-------
Melee: Long sword        ||    41
Armor: Scale mail        ||    21
Dodge: Dodged            ||     8
Block: Buckler           ||     9

Table legend: (Time is in decaauts)
 A = Elapsed time spent in this place.
 B = Non-inter-level travel time spent in this place.
 C = Inter-level travel time spent in this place.
 D = Time resting spent in this place.
 E = Time spent auto-exploring this place.
 F = Levels seen in this place.
 G = Mean time per level.
                   A        B        C        D        E       F      G
               +--------+--------+--------+--------+--------+-----+--------+
         Total |    353 |    332 |     21 |      0 |      0 |   3 |  117.7 |
       Dungeon |    353 |    332 |     21 |      0 |      0 |   3 |  117.7 |
               +--------+--------+--------+--------+--------+-----+--------+

Top non-repeatable levels by time:
     D:1: 198 daAuts
     D:3: 81 daAuts
     D:2: 73 daAuts
